 Dungeon Crawl Stone Soup version 0.17.1-3-g152610e (webtiles) character file.

14807 Heskey the Fighter (level 11, -7/93 HPs)
             Began as a Demonspawn Fighter on Mar 26, 2016.
             Was a High Priest of Makhleb.
             Mangled by an enormous slime creature (61 damage)
             ... on level 13 of the Dungeon.
             The game lasted 00:32:41 (11267 turns).

Heskey the Fighter (Demonspawn Fighter)            Turns: 11267, Time: 00:32:41

Health: -7/93      AC: 32    Str: 29    XL:     11   Next: 93%
Magic:  11/11      EV:  5    Int:  9    God:    Makhleb [*****.]
Gold:   411        SH: 10    Dex: 13    Spells: 0 memorised, 10 levels left

rFire  . . .     SeeInvis .     I - +7 morningstar of Blind Justice {flame, *Noise rElec rC+ Str+9}
rCold  + + .     Clarity  .     i - +2 plate armour
rNeg   . . .     SustAt   .     c - +0 shield
rPois  .         Gourm    .     (no helmet)
rElec  +         Spirit   .     O - +2 cloak
rCorr  +         Warding  .     (no gloves)
rMut   .         Stasis   .     (boots unavailable)
MR     .....                    (no amulet)
Stlth  ..........               p - +5 ring of protection
                                n - +3 ring of protection

@: not resistant to hostile enchantments, extremely unstealthy
A: talons 3, yellow scales 3, cold resistance 1, freezing cloud immunity
a: Minor Destruction, Lesser Servant of Makhleb, Major Destruction, Greater
Servant of Makhleb, Renounce Religion


You were on level 13 of the Dungeon.
You worshipped Makhleb.
Makhleb was extremely pleased with you.
You were not hungry.

You visited 3 branches of the dungeon, and saw 15 of its levels.
You also visited: Sewer and Ice Cave.

You collected 664 gold pieces.
You spent 253 gold pieces at shops.

Inventory:

Hand Weapons
 I - the +7 morningstar of Blind Justice (weapon) {flame, *Noise rElec rC+ Str+9}
   (You found it on level 12 of the Dungeon)

   It has been specially enchanted to burn those struck by it, causing extra
   injury to most foes and up to half again as much damage against particularly
   susceptible opponents.
   It affects your strength (+9).
   It protects you from cold.
   It insulates you from electricity.
   It may make noises in combat.
Missiles
 N - a throwing net (quivered)
Armour
 c - a +0 shield (worn)
 i - a +2 plate armour (worn)
 O - a +2 cloak (worn)
Rods
 F - a -3 rod of shadows (9/9)
   (You found it in a sewer)
Jewellery
 m - a +3 ring of dexterity
 n - a +3 ring of protection (left hand)
 p - a +5 ring of protection (right hand)
 y - an uncursed ring of flight
Wands
 b - a wand of paralysis (14)
 q - a wand of draining (0)
 s - a wand of enslavement (22)
 P - a wand of lightning (7)
Scrolls
 f - 10 scrolls of identify
 g - 9 scrolls of remove curse
 j - 2 scrolls of enchant weapon
 r - 5 scrolls of magic mapping
 t - 3 scrolls of fog
 v - a scroll of teleportation
 B - a scroll of recharging
 E - a scroll of fear
Potions
 d - 3 potions of might
 h - 2 potions of resistance
 k - 5 potions of magic
 w - a potion of agility
 x - 3 potions of cancellation
 C - 11 potions of curing
 G - a potion of brilliance
 L - a potion of flight
Books
 D - a book of Beasts

   Spells                             Type                      Level
   a - Summon Butterflies             Summoning                    1
   b - Call Canine Familiar           Summoning                    3
   c - Summon Ice Beast               Ice/Summoning                4
   d - Summon Mana Viper              Hexes/Summoning              5
   e - Summon Hydra                   Summoning                    7
Miscellaneous
 o - a sack of spiders
 H - a phantom mirror
Comestibles
 a - a royal jelly
 e - 5 bread rations
 l - 5 fruits
 u - 2 slices of pizza
 z - 3 meat rations
 A - a chunk of flesh
 M - 6 beef jerkies


   Skills:
 + Level 11.5 Fighting
 + Level 10.3 Maces & Flails
 + Level 10.9 Armour
 - Level 2.6 Shields


You had 10 spell levels left.
You didn't know any spells.

Dungeon Overview and Level Annotations

Branches:
Dungeon (13/15)            Temple (1/1) D:6            Lair (0/8) D:11
    Orc (1/4) D:9
 Vaults: D:13-14

Altars:
Ashenzari
Cheibriados
Dithmenos
Elyvilon
Fedhas
Gozag
Kikubaaqudgha
Makhleb
Nemelex Xobeh
Okawaru
Qazlal
Ru
Sif Muna
Trog
Vehumet
Xom
Yredelemnul
Zin
The Shining One

Shops:
D:4 ?   D:7 (   D:8 ?   D:9 [


Innate Abilities, Weirdness & Mutations

You have claws for feet.
You are completely covered in yellow scales (AC +4, rCorr).
Your flesh is cold resistant.
You are immune to freezing clouds.


Message History

Two slime creatures merge to form an enormous slime creature.
Your shield and plate armour prevent you from hitting the enormous slime creature.
You claw the enormous slime creature.
The enormous slime creature is lightly wounded.
You completely miss the enormous slime creature.
The enormous slime creature is lightly wounded.
The enormous slime creature hits you but does no damage.
You hit the enormous slime creature. You burn the enormous slime creature.
You claw the enormous slime creature.
The enormous slime creature is lightly wounded.
The enormous slime creature hits you. The enormous slime creature hits you!!
You impale the enormous slime creature!!
You burn the enormous slime creature! You claw the enormous slime creature.
The enormous slime creature is lightly wounded.
You sock the enormous slime creature! You burn the enormous slime creature.
You claw the enormous slime creature.
The enormous slime creature is moderately wounded.
The enormous slime creature hits you!!!
Ouch! That really hurt!
You die...

#....J...# .......
#........# .......
###.###### ....... #..#
....... ##.## .......
#..# ####### ##.#
#.).... #J# ###.#####
#@# #........ #.###
#........ #...#
#....?...
######.######........
#....................
....####.######........
# #.# #######.# #.# .#
#.#


You could see an enormous slime creature.

Vanquished Creatures
  Erica (D:8)
  A tengu warrior (D:13)
  2 hill giants
  A cyclops (D:12)
  An ugly thing (D:13)
  2 manticores (D:12)
  4 centaur skeletons
  An efreet (D:10)
  A kobold demonologist (D:12)
  A tengu conjurer (D:13)
  A troll (D:9)
  Prince Ribbit (D:5)
  4 slime creatures
  5 yaks (D:11)
  A hill giant zombie (D:9)
  4 hippogriffs
  4 hungry ghosts
  A steam dragon (D:5)
  A mottled dragon (D:11)
  2 orc warriors
  8 ice beasts
  A wasp (D:13)
  2 water moccasins
  4 phantoms
  3 sky beasts
  2 black bears
  5 centaurs
  5 necrophages
  3 ogres
  8 giant frogs
  2 big kobolds
  Blork the orc (D:5)
  2 wyvern zombies
  A scorpion (D:5)
  3 killer bees (D:10)
  3 wights (D:10)
  5 electric eels (D:8)
  2 giant frog zombies
  3 jellies
  4 orc priests
  3 crimson imps
  3 hounds
  2 centaur zombies
  5 orc wizards
  4 iguanas
  4 worker ants
  4 ogre zombies (D:9)
  2 hound skeletons (D:7)
  A mummy (D:10)
  2 worker ant zombies
  16 adders
  5 river rats
  3 shadow imps
  An ooze (D:2)
  2 adder zombies
  2 adder skeletons
  7 giant geckos
  15 orcs
  10 bats
  7 giant cockroaches
  8 goblins
  10 hobgoblins
  11 jackals
  13 kobolds
  2 quokkas
  14 ball pythons
  A ball python skeleton (D:4)
  A giant gecko zombie (D:8)
  4 giant newts
  A goblin zombie (D:9)
  A hobgoblin skeleton (D:9)
  4 hobgoblin zombies (D:9)
  4 orc skeletons (D:9)
  9 orc zombies (D:9)
  31 rats
318 creatures vanquished.

Notes
Turn   | Place    | Note
--------------------------------------------------------------
     0 | D:1      | Heskey the Demonspawn Fighter began the quest for the Orb.
     0 | D:1      | Reached XP level 1. HP: 18/18 MP: 1/1
   318 | D:1      | Gained mutation: You have sharp toenails. [demonic ancestry]
   318 | D:1      | Reached XP level 2. HP: 22/24 MP: 2/2
  1022 | D:2      | Gained mutation: Your flesh is cold resistant. [demonic ancestry]
  1022 | D:2      | Reached XP level 3. HP: 8/29 MP: 3/3
  1348 | D:2      | Found a shattered altar of Ashenzari.
  1509 | D:2      | Gained mutation: You are partially covered in yellow scales (AC +2). [demonic ancestry]
  1509 | D:2      | Reached XP level 4. HP: 33/37 MP: 4/4
  1633 | D:3      | Found a white marble altar of Elyvilon.
  2159 | D:4      | Reached skill level 4 in Fighting
  2212 | D:4      | Gained mutation: You have razor-sharp toenails. [demonic ancestry]
  2212 | D:4      | Reached XP level 5. HP: 15/42 MP: 5/5
  2430 | D:4      | Found Huekedghaff's Magic Scroll Shoppe.
  2455 | D:4      | Noticed a phantom
  2506 | D:4      | Killed a phantom
  2552 | D:4      | Got a faintly glowing whip
  2553 | D:4      | Identified the +9 whip "Zaugiluo" {flame, Int+4} (You found it on level 4 of the Dungeon)
  2632 | D:4      | Reached XP level 6. HP: 43/49 MP: 6/6
  2754 | D:5      | Entered Level 5 of the Dungeon
  2867 | D:5      | Noticed a steam dragon
  2874 | D:5      | Killed a steam dragon
  2874 | D:5      | Reached skill level 5 in Fighting
  2874 | D:5      | Gained mutation: You are mostly covered in yellow scales (AC +3). [demonic ancestry]
  2874 | D:5      | Reached XP level 7. HP: 41/56 MP: 7/7
  3025 | D:5      | Found a shimmering altar of Xom.
  3025 | D:5      | Found a shimmering altar of Xom.
  3026 | D:5      | Found a shimmering altar of Xom.
  3026 | D:5      | Found a shimmering altar of Xom.
  3027 | D:5      | Found a shimmering altar of Xom.
  3039 | D:5      | Reached skill level 5 in Armour
  3046 | D:5      | Noticed Blork the orc
  3054 | D:5      | Killed Blork the orc
  3123 | D:5      | Noticed Prince Ribbit
  3373 | D:5      | Killed Prince Ribbit
  3373 | D:5      | Reached skill level 6 in Fighting
  3373 | D:5      | Reached skill level 5 in Maces & Flails
  3373 | D:5      | Gained mutation: You are immune to freezing clouds. [demonic ancestry]
  3373 | D:5      | Reached XP level 8. HP: 57/64 MP: 8/8
  3451 | D:6      | Found a staircase to the Ecumenical Temple.
  3488 | Temple   | Entered the Ecumenical Temple
  3635 | Temple   | Became a worshipper of Makhleb the Destroyer
  3782 | D:6      | Found a glowing drain.
  3914 | Sewer    | Entered a sewer
  4021 | Sewer    | Reached * piety under Makhleb
  4212 | Sewer    | Reached ** piety under Makhleb
  4588 | D:6      | Found a snail-covered altar of Cheibriados.
  4591 | D:6      | Found a blossoming altar of Fedhas.
  4615 | D:6      | Found an iron altar of Okawaru.
  4619 | D:6      | Found an opulent altar of Gozag.
  4958 | D:7      | Found a sacrificial altar of Ru.
  4988 | D:7      | Reached skill level 7 in Fighting
  5138 | D:7      | Found Viedough's Weapon Shop.
  5146 | D:7      | Reached XP level 9. HP: 72/72 MP: 9/9
  5437 | D:8      | Found Ytwuph's Magic Scroll Boutique.
  5622 | D:8      | Noticed Erica
  5670 | D:8      | Killed Erica
  5670 | D:8      | Reached skill level 8 in Fighting
  6515 | D:8      | Reached *** piety under Makhleb
  6768 | D:9      | Noticed a centaur skeleton
  6776 | D:9      | Killed a centaur skeleton
  6827 | D:9      | Noticed a centaur skeleton
  6837 | D:9      | Killed a centaur skeleton
  6837 | D:9      | Gained mutation: You are completely covered in yellow scales (AC +4, rCorr). [demonic ancestry]
  6837 | D:9      | Reached XP level 10. HP: 82/82 MP: 10/10
  6880 | D:9      | Reached skill level 9 in Fighting
  6883 | D:9      | Found a staircase to the Orcish Mines.
  7461 | D:9      | Reached **** piety under Makhleb
  7539 | D:9      | Found Qeddaefoa's Armour Emporium.
  7547 | D:9      | Bought a +0 plate armour for 253 gold pieces
  7908 | Orc:1    | Entered Level 1 of the Orcish Mines
  7937 | D:10     | Entered Level 10 of the Dungeon
  8068 | D:10     | Noticed a hill giant
  8078 | D:10     | Killed a hill giant
  8357 | D:10     | Reached skill level 10 in Fighting
  8536 | D:10     | Gained mutation: You have claws for feet. [demonic ancestry]
  8536 | D:10     | Reached XP level 11. HP: 91/91 MP: 11/11
  8580 | D:10     | You fall through a shaft for 2 floors!
  8862 | D:10     | Reached ***** piety under Makhleb
  9169 | D:11     | Reached skill level 10 in Armour
  9176 | D:11     | Found a frozen archway.
  9186 | IceCv    | Entered an ice cave
  9615 | D:11     | Found a staircase to the Lair.
 10435 | D:12     | Noticed a hill giant
 10451 | D:12     | Killed a hill giant
 10451 | D:12     | Reached skill level 11 in Fighting
 10769 | D:12     | Got a slimy morningstar
 10770 | D:12     | Identified the +7 morningstar of Blind Justice {flame, *Noise rElec rC+ Str+9} (You found it on level 12 of the Dungeon)
 10850 | D:12     | Reached skill level 10 in Maces & Flails
 11196 | D:13     | Noticed a tengu warrior
 11214 | D:13     | Killed a tengu warrior
 11267 | D:13     | Mangled by an enormous slime creature

Action                   |  1- 3 |  4- 6 |  7- 9 | 10-12 || total
-------------------------+-------+-------+-------+-------++-------
Melee: Flail             |   117 |   139 |       |       ||   256
       Whip              |       |    20 |   386 |   493 ||   899
       Morningstar       |       |       |       |    61 ||    61
Throw: Throwing net      |       |       |     1 |     1 ||     2
Evoke: Wand              |       |       |     4 |     3 ||     7
  Use: Potion            |     2 |       |     2 |    13 ||    17
       Scroll            |       |    11 |     7 |    11 ||    29
  Eat: Chunk             |     1 |     6 |     9 |     6 ||    22
       Beef jerky        |       |       |     1 |     1 ||     2
       Fruit             |       |       |     2 |       ||     2
       Meat ration       |       |       |       |     2 ||     2
       Bread ration      |       |       |       |     1 ||     1
       Royal jelly       |       |       |       |     1 ||     1
